 Dungeon Crawl Stone Soup version 0.25-a0-290-g4a1327ee3a (webtiles) character file.

Game seed: 39043625963665555, levelgen mode: deterministic

84 Anathary the Skirmisher (level 4, 0/37 HPs)
             Began as a Demonspawn Berserker on Dec 14, 2019.
             Was a Believer of Trog.
             Slain by a worker ant (4 damage)
             ... on level 3 of the Dungeon.
             The game lasted 00:07:35 (2771 turns).

Anathary the Skirmisher (Demonspawn Berserker)      Turns: 2771, Time: 00:07:37

Health: 0/37       AC:  2    Str: 16 (18) XL:     4   Next: 23%
Magic:  4/4        EV: 12    Int:  6 (8)  God:    Trog [**....]
Gold:   90         SH:  0    Dex: 11 (13) Spells: 3/3 levels left

rFire    . . .     SeeInvis .   a - +0 hand axe
rCold    . . .     Gourm    .   (no shield)
rNeg     . . .     Faith    .   b - +0 animal skin
rPois    .         Spirit   .   (no helmet)
rElec    .         Reflect  .   (no cloak)
rCorr    .         Harm     .   (no gloves)
MR       .....                  (no boots)
Stlth    ++........             (no amulet)
HPRegen  0.12/turn              d - ring of stealth
MPRegen  0.09/turn              (no ring)

@: lethally poisoned (0 -> -8)
A: powered by pain 1
a: Berserk, Trog's Hand, Renounce Religion


You were on level 3 of the Dungeon.
You worshipped Trog.
Trog was pleased with you.
You were not hungry.

You visited 1 branch of the dungeon, and saw 3 of its levels.

You collected 90 gold pieces.

Inventory:

Hand Weapons
 a - a +0 hand axe (weapon)
Armour
 b - a +0 animal skin (worn)
Jewellery
 d - a ring of stealth (left hand)
Scrolls
 c - 2 scrolls of enchant weapon {unknown}
 f - 3 scrolls of teleportation {unknown}
 g - a scroll of noise {unknown}
 i - a scroll of enchant armour {unknown}
Potions
 e - a potion of heal wounds


   Skills:
 + Level 4.0 Fighting
 + Level 3.9 Axes
 - Level 1.7 Armour
 - Level 1.7 Dodging
 - Level 0.2 Stealth


You had 3 spell levels left.
You didn't know any spells.
Your spell library was empty.

Dungeon Overview and Level Annotations

Branches:
Dungeon (3/15)

Altars:
Dithmenos
Gozag
Okawaru
Ru
Sif Muna
Trog
Uskayaw
Yredelemnul


Innate Abilities, Weirdness & Mutations

You sometimes gain a little power by taking damage.


Message History

You feel sick. The worker ant bites you.
* * * LOW HITPOINT WARNING * * *
You barely miss the worker ant.
The worker ant is heavily wounded.
The worker ant bites you but does no damage.
The worker ant closely misses you.
You barely miss the worker ant.
The worker ant is heavily wounded.
The worker ant closely misses you.
You hit the worker ant.
The worker ant is severely wounded.
You feel sick.
The worker ant bites you but does no damage.
You completely miss the worker ant.
The worker ant is severely wounded.
The worker ant bites you.
* * * LOW HITPOINT WARNING * * *
You are lethally poisoned!
The worker ant poisons you! The worker ant bites you.
You die...

.........###.(.........
.........# #...)....##.
....###..###...)....#
.... #.......)..)### .
...####..(.............
.... #...#.(.....#.......
... #...##......#.#...##
....##..a##......#.#...+
).......@.#......#.#...##
..........#.....[#.......
#.....†...#>.....#......#
#.....###........#.......
#..... #.....##........
..... #............. ....
#..........#. .+ ....
#..........##...# .
#................


You could see a worker ant.

Vanquished Creatures
  2 worms (D:3)
  A dart slug (D:1)
  2 leopard geckos (D:2)
  3 orcs (D:3)
  A ball python (D:1)
  5 giant cockroaches
  11 goblins
  7 hobgoblins
  2 jackals (D:2)
  2 quokkas (D:2)
  5 bats
  7 frilled lizards
  7 kobolds
  A quokka skeleton (D:2)
  10 rats
66 creatures vanquished.

Notes
Turn   | Place    | Note
-------+----------+-------------------------------------------
     0 | D:1      | Anathary the Demonspawn Berserker began the quest for the
                  | Orb.
     0 | D:1      | Reached XP level 1. HP: 18/18 MP: 1/1
    32 | D:1      | You fall into a shaft and drop 1 floor!
    47 | D:1      | Gained mutation: You sometimes gain a little power by
                  | taking damage. [demonic ancestry]
    47 | D:1      | Reached XP level 2. HP: 17/24 MP: 2/2
   680 | D:1      | Reached XP level 3. HP: 21/29 MP: 3/3
  1075 | D:2      | Reached ** piety under Trog
  1242 | D:2      | Found a shadowy altar of Dithmenos.
  1245 | D:2      | Found a hide-covered altar of Uskayaw.
  1245 | D:2      | Found an opulent altar of Gozag.
  1245 | D:2      | Found an iron altar of Okawaru.
  1245 | D:2      | Found a shimmering blue altar of Sif Muna.
  1245 | D:2      | Found a basalt altar of Yredelemnul.
  1246 | D:2      | Found a bloodstained altar of Trog.
  1427 | D:2      | Found a sacrificial altar of Ru.
  2405 | D:3      | Reached XP level 4. HP: 28/37 MP: 4/4
  2755 | D:3      | Reached skill level 4 in Fighting
  2771 | D:3      | Slain by a worker ant

Levels and vault maps discovered:
D:1:      lemuel_arrival_lava_pool, layout_rooms
D:2:      layout_basic, grunt_temple_overflow_open, st_stairs_9,
          nicolae_ru_path_of_blood
D:3:      layout_basic, first_ration, gammafunk_ghost_grave

Skill      XL: |  1  2  3  4 |
---------------+-------------+-----
Axes           | 3 |  3.9
Fighting       | 4 |  4.0
Armour         | |  1.7
Dodging        | |  1.7
Stealth        | |  0.2

Action                   |  1- 3 |  4- 6 || total
-------------------------+-------+-------++-------
Melee: Hand axe          |   158 |    49 ||   207
  Use: Potion            |     3 |       ||     3
 Stab: Sleeping          |     6 |       ||     6
  Eat: Ration            |     1 |     1 ||     2
       Chunk             |     1 |       ||     1
Armor: Animal skin       |    41 |    17 ||    58
Dodge: Dodged            |   105 |    39 ||   144

Table legend:
 A = Non-vault XP
 B = Vault XP
 C = Vault XP percentage of total XP
 D = Non-vault monster count
 E = Vault monster count
 F = Vault count percentage of total count
                 A         B        C        D         E       F
            +---------+---------+-------+---------+---------+-------
      Total |     117 |       3 |   2.5 |      64 |       2 |   3.0
            +---------+---------+-------+---------+---------+-------
        D:1 |      44 |       0 |   0.0 |      26 |       0 |   0.0
        D:2 |      39 |       3 |   7.1 |      24 |       2 |   7.7
        D:3 |      34 |       0 |   0.0 |      14 |       0 |   0.0
            +---------+---------+-------+---------+---------+-------
